 Dungeon Crawl Stone Soup version 0.17-a0-1442-g10bb59b (webtiles) character file.

32 HEYYEYAAE the Gusty (level 3, -4/26 HPs)
             Began as a Human Air Elementalist on June 27, 2015.
             Slain by a gnoll
             ... wielding a cursed +0 club
              (9 damage)
             ... on level 1 of the Dungeon.
             The game lasted 00:01:32 (741 turns).

HEYYEYAAE the Gusty (Human Air Elementalist)         Turns: 741, Time: 00:01:32

Health: -4/26      AC:  2    Str:  8    XL:     3   Next: 45%
Magic:  3/6        EV: 12    Int: 16    God:
Gold:   75         SH:  0    Dex: 13    Spells: 1 memorised, 6 levels left

rFire  . . .     SeeInvis .     j - +0 spear
rCold  . . .     Clarity  .     a - +0 robe
rNeg   . . .     SustAt   .     (no shield)
rPois  .         Gourm    .     (no helmet)
rElec  .         Spirit   .     (no cloak)
rCorr  .         Warding  .     (no gloves)
rMut   .         Stasis   .     (no boots)
MR     .....                    (no amulet)
Stlth  ++........               (no ring)
                                (no ring)

@: very slightly contaminated, not resistant to hostile enchantments, unstealthy
A: no striking features
a: no special abilities


You were on level 1 of the Dungeon.
You were not hungry.

You visited 1 branch of the dungeon, and saw 2 of its levels.

You collected 75 gold pieces.

Inventory:

Hand weapons
 f - a +0 dagger
 j - a +0 spear (weapon)
Armour
 a - a +0 robe (worn)
Scrolls
 d - a scroll of noise {unknown}
 e - a scroll of enchant armour {unknown}
 i - a scroll of identify {unknown}
 l - 3 scrolls of blinking {unknown}
Potions
 g - 2 potions of curing
 h - a potion of agility {unknown}
Books
 b - a book of Air

   Spells                             Type                      Level
   a - Shock                          Conjuration/Air              1
   b - Swiftness                      Charms/Air                   2
   c - Repel Missiles                 Charms/Air                   2
   d - Static Discharge               Conjuration/Air              3
   e - Lightning Bolt                 Conjuration/Air              5
Comestibles
 c - a bread ration
 k - a meat ration


   Skills:
 + Level 1.1 Fighting
 + Level 0.4 Armour
 + Level 2.2 Dodging
 - Level 2.0 Stealth
 * Level 2.5 Spellcasting
 - Level 1.0 Conjurations
 * Level 3.3 Air Magic


You had 6 spell levels left.
You knew the following spells:

 Your Spells              Type           Power        Failure   Level  Hunger
a - Shock                 Conj/Air       #...         10%         1    #......


Dungeon Overview and Level Annotations

Branches:
Dungeon (2/15)

Altars:
Dithmenos


Message History

Unknown command.
Casting: Shock
Confirm with . or Enter, or press ? or * to list all spells.
Aiming: Shock
Press: ? - help, Shift-Dir - straight line, f/p - gnoll
Aim: a gnoll, wielding a club (heavily wounded)
You miscast Shock.
You are very lightly contaminated with residual magic.
Your skin glows momentarily.
The gnoll hits you with a club.
* * * LOW HITPOINT WARNING * * *
Unknown command.
Casting: Shock
Confirm with . or Enter, or press ? or * to list all spells.
Aiming: Shock
Press: ? - help, Shift-Dir - straight line, f/p - gnoll
Aim: a gnoll, wielding a club (heavily wounded)
The zap misses the gnoll.
The zap hits the giant gecko.
You kill the giant gecko!
The gnoll hits you with a club!
You die...

#.#...### #.........#.##........
#.#...#######'######.#.....#.....
..#.........#.#......#.....#.....
###..######.#'#.######.....####..
..........#.....# #...)..[.#..
#.........#.....######....###.#..
###########..........#........#..
>...........#'######.##....#..#..
#############...@g†>.##....#..#..
#....####..###...#..#..
#.##.#..#..# #...#..#.#
#.##.#..#..# #...#..#.#
#.##.#..#..# #...#..#.#
#.##.#.##..# #...#..#.#
##########†##.#.....# #...#..#.#
#..........##.#.....#######..###
#.........(...#[.)..'..........'


You could see a gnoll.

Vanquished Creatures
  2 gnolls
  A giant gecko (D:1)
  3 bats (D:1)
  A hobgoblin (D:1)
  2 giant cockroaches (D:1)
  3 goblins
  A rat (D:1)
13 creatures vanquished.

Notes
Turn   | Place    | Note
--------------------------------------------------------------
     0 | D:1      | HEYYEYAAE the Human Air Elementalist began the quest for the Orb.
     0 | D:1      | Reached XP level 1. HP: 13/13 MP: 3/3
   203 | D:1      | Reached XP level 2. HP: 8/20 MP: 1/5
   561 | D:2      | Found a shadowy altar of Dithmenos.
   626 | D:2      | Reached skill level 1 in Fighting
   678 | D:1      | Reached XP level 3. HP: 9/26 MP: 0/6
   741 | D:1      | Slain by a gnoll

Vault maps used:
D:1:      co_arrival_square_in_a_square_in_a_square
D:2:      lemuel_upstairs_altar, grunt_dithmenos_smoke_and_mirrors

Action                   || total
-------------------------++-------
Melee: Dagger            ||    27
       Unarmed           ||     1
       Spear             ||    17
 Cast: Shock             ||    21
  Use: Potion            ||     1
 Stab: Sleeping          ||     2
